 Dungeon Crawl Stone Soup version 0.27-a0-1181-g5f64966fcc (webtiles) character file.

Game seed: 1695184460793281520

2726 leviel the Cleaver (level 9, -6/75 HPs)
             Began as a Minotaur Fighter on May 17, 2021.
             Was a Priest of Okawaru.
             Mangled by Joseph
             ... wielding a +0 quarterstaff
              (11 damage)
             ... on level 7 of the Dungeon.
             The game lasted 00:09:50 (7084 turns).

leviel the Cleaver (Minotaur Fighter)               Turns: 7084, Time: 00:09:50

Health: -6/75      AC: 13    Str: 23    XL:     9   Next: 40%
Magic:  8/8        EV:  9    Int:  5    God:    Okawaru [***...]
Gold:   162        SH: 11    Dex: 14    Spells: 8/8 levels left

rFire    . . .     SeeInvis .   a - +1 war axe
rCold    . . .     Faith    .   c - +0 kite shield
rNeg     . . .     Spirit   .   b - +0 scale mail
rPois    .         Reflect  .   f - +1 hat
rElec    .         Harm     .   (no cloak)
rCorr    .         Rampage  .   F - +2 pair of gloves {Dex+3}
Will     .....                  D - +0 pair of boots
Stlth    ..........             (no amulet)
HPRegen  0.22/turn              (no ring)
MPRegen  0.11/turn              (no ring)

@: no status effects
A: horns 2, retaliatory headbutt
a: Renounce Religion, Heroism


You were on level 7 of the Dungeon.
You worshipped Okawaru.
Okawaru was most pleased with you.
You visited 2 branches of the dungeon, and saw 8 of its levels.
You also visited: Sewer.

You collected 638 gold pieces.
You spent 476 gold pieces at shops.

Inventory:

Hand Weapons
 a - a +1 war axe (weapon)
Missiles
 i - 8 boomerangs of dispersal (quivered)
 H - a curare-tipped dart
 J - a throwing net
Armour
 b - a +0 scale mail (worn)
 c - a +0 kite shield (worn)
 f - a +1 hat (worn)
 D - a +0 pair of boots (worn)
 F - a +2 pair of gloves of dexterity (worn)
Jewellery
 j - an amulet of faith
 m - an amulet of guardian spirit
 n - an amulet of reflection
 p - a ring of ice
 A - a ring of protection from cold
 E - a ring of poison resistance
 K - a ring of resist corrosion
Wands
 r - a wand of paralysis (9)
 y - a wand of digging (4)
 C - a wand of flame (23)
Scrolls
 o - a scroll of fear
 t - a scroll of acquirement {unknown}
 w - 4 scrolls of teleportation
 x - a scroll of fog
 z - a scroll of summoning
 G - a scroll of silence
 I - a scroll of noise {unknown}
Potions
 d - 3 potions of heal wounds
 e - 2 potions of degeneration
 g - a potion of lignification
 h - 2 potions of resistance
 k - a potion of cancellation {unknown}
 l - a potion of berserk rage {unknown}
 q - a potion of brilliance {unknown}
 s - a potion of mutation {unknown}
 u - a potion of might
 v - 4 potions of flight
 B - a potion of curing {unknown}


   Skills:
 + Level 6.2 Fighting
 * Level 11.2 Axes
 + Level 7.4 Armour
 + Level 3.1 Dodging
 + Level 1.5 Stealth
 + Level 6.3 Shields


You had 8 spell levels left.
You didn't know any spells.
Your spell library was empty.

Dungeon Overview and Level Annotations

Branches:
Dungeon (7/15)             Temple (1/1) D:5           Sewer (visited)

Altars:
Cheibriados
Dithmenos
Fedhas
Gozag
Hepliaklqana
Kikubaaqudgha
Nemelex Xobeh
Okawaru
Sif Muna
Trog
Uskayaw
Vehumet
Yredelemnul
Zin
The Shining One

Shops:
D:2 (   D:5 *   D:6 ?*?

Annotations:
D:7 Joseph


Innate Abilities, Weirdness & Mutations

You have a pair of horns on your head.
You reflexively headbutt those who attack you in melee.


Message History

You block Joseph's attack.
You slash Joseph! You headbutt Joseph.
Joseph is moderately wounded.
Joseph hits you but does no damage.
You slash Joseph! You headbutt Joseph, but do no damage.
Joseph is moderately wounded.
Joseph barely misses you. You block Joseph's attack.
You slash Joseph!
Joseph is heavily wounded.
Joseph says, "It's nothing personal, but I have to kill you."
You block Joseph's attack.
You slash Joseph!
Joseph is severely wounded.
Joseph hits you with a +0 quarterstaff!
You are too injured to fight recklessly!
You are too injured to fight recklessly!
You are too injured to fight recklessly!
You are too injured to fight recklessly!
You hit Joseph but do no damage.
Joseph is severely wounded.
You block Joseph's attack.
You hit Joseph but do no damage. Your headbutt misses Joseph.
Joseph is severely wounded.
Joseph hits you with a +0 quarterstaff.
You slash Joseph!
Joseph is severely wounded.
Joseph closely misses you.
You hit Joseph but do no damage.
Joseph is severely wounded.
You block Joseph's attack.
You hit Joseph but do no damage.
Joseph is severely wounded.
Joseph says, "You will never get the ORB, sorry."
Joseph hits you with a +0 quarterstaff!
You hit Joseph. Your headbutt misses Joseph.
Joseph is severely wounded.
Joseph hits you with a +0 quarterstaff!!
* * * LOW HITPOINT WARNING * * *
Joseph hits you with a +0 quarterstaff!
You die...

#....................
#.....##......##...#
#.. #...$.........#
... ##..
##..............
...#...
#................
#.....
#.......##......#
#.....
##..#....#...##..
##.... #.####.....###
#..... ## #.@.......
...... ##@.......
#..... #........ .#..
........# #..
........# ##.
.##....... #. #
##..... #. ..... ....
#...


You could see Joseph.

Vanquished Creatures
  Maggie (D:6)
  Sigmund (D:2)
  A wyvern (D:7)
  Menkaure (D:5)
  2 water moccasins
  An ice beast (D:6)
  2 necrophages
  2 centaurs
  A kobold brigand (D:7)
  A gnoll sergeant (D:5)
  A wyvern zombie (D:5)
  Blork the orc (D:6)
  2 scorpions
  A water moccasin skeleton (D:4)
  A howler monkey (D:7)
  A bullfrog zombie (D:7)
  3 centaur zombies
  A hound (D:6)
  A jelly (D:6)
  A bullfrog skeleton (D:6)
  An orc priest (D:5)
  A gnoll shaman (D:6)
  Ijyb (D:5)
  A merfolk siren (Sewer)
  5 orc wizards
  A merfolk avatar (Sewer)
  A killer bee zombie (D:6)
  A howler monkey zombie (D:5)
  10 gnolls
  A howler monkey skeleton (D:6)
  2 river rats (Sewer)
  11 adders
  2 shadow imps
  2 white imps
  3 ufetubi
  2 adder zombies (D:5)
  2 worms
  3 dart slugs
  20 orcs
  12 ball pythons
  7 bats
  4 endoplasms
  4 giant cockroaches
  9 goblins
  5 hobgoblins
  2 jackals (D:1)
  12 kobolds
  8 quokkas
  3 frilled lizards
  22 rats (Sewer)
184 creatures vanquished.

Vanquished Creatures (others)
  2 plants (D:5)
2 creatures vanquished.

Grand Total: 186 creatures vanquished

Notes
Turn   | Place    | Note
-------+----------+-------------------------------------------
     0 | D:1      | leviel the Minotaur Fighter began the quest for the Orb.
     0 | D:1      | Reached XP level 1. HP: 19/19 MP: 0/0
   131 | D:1      | Reached XP level 2. HP: 27/27 MP: 1/1
   382 | D:1      | Reached skill level 3 in Axes
   654 | D:1      | Reached XP level 3. HP: 32/33 MP: 2/2
   853 | D:2      | Found Lanukiod's Weapon Shop.
  1103 | D:2      | Noticed Sigmund
  1110 | D:2      | Killed Sigmund
  1111 | D:2      | Reached skill level 4 in Axes
  1111 | D:2      | Reached skill level 1 in Dodging
  1111 | D:2      | Reached XP level 4. HP: 21/40 MP: 3/3
  1111 | D:2      | Reached XP level 5. HP: 24/46 MP: 4/4
  1296 | D:2      | Reached skill level 5 in Axes
  1556 | D:2      | Found a faded altar of an unknown god.
  1987 | D:3      | Found a glowing drain.
  1991 | Sewer    | Entered a sewer
  2112 | Sewer    | Reached XP level 6. HP: 49/53 MP: 5/5
  2612 | D:4      | Reached skill level 5 in Armour
  2622 | D:4      | Reached skill level 6 in Axes
  3174 | D:4      | Reached XP level 7. HP: 56/60 MP: 6/6
  3392 | D:5      | Entered Level 5 of the Dungeon
  3395 | D:5      | Found a staircase to the Ecumenical Temple.
  3419 | D:5      | Noticed Ijyb
  3464 | D:5      | Killed Ijyb
  3652 | Temple   | Entered the Ecumenical Temple
  3959 | Temple   | Became a worshipper of Warmaster Okawaru
  4047 | D:5      | Reached skill level 5 in Fighting
  4047 | D:5      | Reached skill level 7 in Axes
  4047 | D:5      | Reached skill level 1 in Stealth
  4047 | D:5      | Reached skill level 5 in Shields
  4149 | D:5      | Noticed Menkaure
  4156 | D:5      | Killed Menkaure
  4156 | D:5      | Reached * piety under Okawaru
  4425 | D:5      | Reached XP level 8. HP: 17/68 MP: 7/7
  4713 | D:5      | Found Ustrunwa's Assorted Antiques.
  4720 | D:5      | Reached skill level 8 in Axes
  4949 | D:5      | Bought a pair of glowing gloves for 225 gold pieces
  4949 | D:5      | Bought a scroll labelled EMUOTO WODE for 30 gold pieces
  4949 | D:5      | Bought a scroll labelled EMUOTO WODE for 30 gold pieces
  4949 | D:5      | Bought a scroll labelled DOHYWA ZISU for 30 gold pieces
  5617 | D:6      | Found Tahiuv's Magic Scroll Shop.
  5624 | D:6      | Noticed Blork the orc
  5635 | D:6      | Killed Blork the orc
  5643 | D:6      | Bought a scroll of fear for 38 gold pieces
  5708 | D:6      | Reached skill level 9 in Axes
  5784 | D:6      | Reached ** piety under Okawaru
  5794 | D:6      | Found a glowing silver altar of Zin.
  6003 | D:6      | Found Vistra's Magic Scroll Shoppe.
  6003 | D:6      | Noticed Maggie
  6017 | D:6      | Killed Maggie
  6018 | D:6      | Reached skill level 10 in Axes
  6018 | D:6      | Reached XP level 9. HP: 22/75 MP: 8/8
  6261 | D:6      | Bought a scroll of fog for 26 gold pieces
  6261 | D:6      | Bought a scroll of silence for 97 gold pieces
  6430 | D:6      | Found Parhim's General Store.
  6748 | D:7      | Reached *** piety under Okawaru
  6920 | D:7      | Reached skill level 11 in Axes
  7068 | D:7      | Noticed Joseph
  7084 | D:7      | Mangled by Joseph

Illustrated notes

Levels and vault maps discovered:
D:1:      dpeg_arrival_morbid_curiosity, layout_basic
D:2:      layout_loops_ring, basic_ecumenical_altar, serial_shops, shop,
          uniq_sigmund
D:3:      layout_rooms, gup_sewer_entry_bowl, kennysheep_small_spiral
D:4:      layout_basic
D:5:      layout_basic, minmay_temple_entry_wispy, serial_shops, shop_coins,
          chequers_big_river, uniq_menkaure, uniq_ijyb
D:6:      layout_rooms, lemuel_doored_altar, serial_shops, nicolae_shop_stone,
          nicolae_shop_statue_plus, shop, uniq_maggie, uniq_blork_the_orc
D:7:      layout_cave_pools, gammafunk_temple_overflow_wave, grunt_ministairs_3,
          kennysheep_minor_cross, uniq_joseph
Temple:   minmay_temple_curvy_branch

Skill      XL: |  1  2  3  4  5  6  7  8  9 |
---------------+----------------------------+-----
Fighting       | 4 5 6 |  6.2
Armour         | 4 5 6 7 |  7.4
Axes           | 3 4 5 6 7 10 11 | 11.2
Dodging        | 1 2 3 |  3.1
Shields        | 4 5 6 |  6.3
Stealth        | 1 |  1.5

Action                   |  1- 3 |  4- 6 |  7- 9 || total
-------------------------+-------+-------+-------++-------
Melee: War axe           |    66 |   196 |   269 ||   531
       Headbutt          |    10 |    22 |    66 ||    98
Invok: Heroism           |       |       |     1 ||     1
  Use: Potion            |     1 |     1 |       ||     2
       Scroll            |       |       |    10 ||    10
Armor: Scale mail        |    43 |    73 |   136 ||   252
Dodge: Dodged            |    29 |    49 |    82 ||   160
Block: Kite shield       |    37 |    90 |   150 ||   277

Table legend: (Time is in decaauts)
 A = Elapsed time spent in this place.
 B = Non-inter-level travel time spent in this place.
 C = Inter-level travel time spent in this place.
 D = Time resting spent in this place.
 E = Time spent auto-exploring this place.
 F = Levels seen in this place.
 G = Mean time per level.
                   A        B        C        D        E       F      G
               +--------+--------+--------+--------+--------+-----+--------+
         Total |   7316 |   7186 |    130 |    668 |   5171 |   9 |  812.9 |
       Dungeon |   6555 |   6474 |     81 |    647 |   4731 |   7 |  936.4 |
        Temple |    332 |    283 |     49 |      0 |    282 |   1 |  332.0 |
         Sewer |    428 |    428 |      0 |     21 |    157 |   1 |  428.0 |
               +--------+--------+--------+--------+--------+-----+--------+

Top non-repeatable levels by time:
     D:5: 1831 daAuts
     D:6: 1178 daAuts
     D:4: 929 daAuts
     D:1: 852 daAuts
     D:2: 787 daAuts
     D:3: 550 daAuts
   Sewer: 428 daAuts
     D:7: 425 daAuts
  Temple: 332 daAuts
